 Dungeon Crawl Stone Soup version 0.23-a0-136-g722f094 (webtiles) character file.

12 Amnesiac the Gusty (level 2, 0/19 HPs)
             Began as a Mummy Air Elementalist on Aug 28, 2018.
             Slain by a worm (11 damage)
             ... on level 2 of the Dungeon.
             The game lasted 00:01:37 (109 turns).

Amnesiac the Gusty (Mummy Air Elementalist)          Turns: 109, Time: 00:01:38

Health: 0/19       AC:  2    Str: 11    XL:     2   Next: 20%
Magic:  1/5        EV: 12    Int: 14    God:
Gold:   8          SH:  0    Dex: 12    Spells: 3/6 levels left

rFire    x . .     SeeInvis .   d - +0 spear
rCold    + . .     Gourm    .   (no shield)
rNeg     + + +     Faith    .   a - +0 robe
rPois    ∞         Spirit   .   (no helmet)
rElec    .         Reflect  .   (no cloak)
rCorr    .         Harm     .   (no gloves)
MR       .....                  (no boots)
Stlth    ++........             (no amulet)
HPRegen  0.06/turn              (no ring)
MPRegen  0.09/turn              (no ring)

@: no status effects
A: no food or potions, fire vulnerability, cold resistance 1, negative energy
resistance 3, torment resistance, unbreathing
a: no special abilities


You were on level 2 of the Dungeon.
You were not hungry.

You visited 1 branch of the dungeon, and saw 2 of its levels.

You collected 8 gold pieces.

Inventory:

Hand Weapons
 d - a +0 spear (weapon)
Armour
 a - a +0 robe (worn)
Scrolls
 b - a scroll of remove curse {!r}
 c - a scroll of fog {!r, unknown}


   Skills:
 - Level 1.5 Dodging
 - Level 1.5 Stealth
 + Level 2.8 Spellcasting
 - Level 0.7 Conjurations
 - Level 3.0 Air Magic


You had 3 spell levels left.
You knew the following spells:

 Your Spells              Type           Power        Failure   Level  Hunger
a - Shock                 Conj/Air       #...         10%         1    N/A
z - Swiftness             Chrm/Air       #.......     19%         2    N/A

Your spell library contained the following spells:

 Spells                   Type           Power        Failure   Level  Hunger
 Static Discharge         Conj/Air       #.......     30%         3    N/A
 Airstrike                Air            ##........   54%         4    N/A
 Lightning Bolt           Conj/Air       #.........   95%         5    N/A

Dungeon Overview and Level Annotations

Branches:
Dungeon (2/15)

Altars:


Innate Abilities, Weirdness & Mutations

You do not eat or drink.
Your flesh is vulnerable to fire.
You are immune to poison.
Your flesh is cold resistant. (rC+)
You are immune to negative energy. (rN+++)
You are immune to unholy pain and torment.
You can survive without breathing.


Message History

You need to enable at least one skill for training.
You have reached level 2!
Memorise Swiftness, consuming 2 spell levels and leaving 3?
You start memorising the spell.
You continue memorising. x2
You finish memorising.
Spell assigned to 'z'.
You now have 8 gold pieces.
You enter a teleport trap!
The teleport trap disappears.
Your surroundings suddenly seem different.
A rat and a giant cockroach come into view.
A worm comes into view.
Found a scroll of remove curse.
A worm is nearby!
A hobgoblin and a kobold come into view.
The kobold shouts!
Casting: Shock (safe; 11% risk of failure)
Confirm with . or Enter, or press ? or * to list all spells.
Aiming: Shock (safe; 11% risk of failure)
Press: ? - help, Shift-Dir - straight line The zap misses the rat.
The zap hits the rat.
You kill the rat!
You start resting.
The kobold is too close now for your liking.
A kobold is nearby!
Casting: Shock (safe; 11% risk of failure)
Confirm with . or Enter, or press ? or * to list all spells.
Aiming: Shock (safe; 11% risk of failure)
Press: ? - help, Shift-Dir - straight line The zap misses the kobold. x2; The kobold hits you.
Casting: Shock (safe; 11% risk of failure)
Confirm with . or Enter, or press ? or * to list all spells.
Aiming: Shock (safe; 11% risk of failure)
Press: ? - help, Shift-Dir - straight line The zap misses the kobold.
The zap hits the kobold.
The kobold is moderately wounded.
The kobold hits you.
Casting: Shock (safe; 11% risk of failure)
Confirm with . or Enter, or press ? or * to list all spells.
You don't have enough magic to cast that spell.
No previous command to re-do.
No previous command to re-do.
Wield which item (- for none, * to show all)? (? for menu, Esc to quit)
d - a +0 spear (weapon)
You hit the kobold.
You kill the kobold!
You see here a rat corpse.
You start resting.
The giant cockroach is too close now for your liking.
A giant cockroach is nearby!
A giant cockroach is nearby!
You see here a rat corpse.
Casting: Shock (safe; 10% risk of failure)
Confirm with . or Enter, or press ? or * to list all spells.
Aiming: Shock (safe; 10% risk of failure)
Press: ? - help, Shift-Dir - straight line, f - worm
Aim: a worm (hasn't noticed you)
The zap hits the worm.
The worm is lightly wounded.
The zap hits the giant cockroach.
The giant cockroach is heavily wounded.
The zap misses the giant cockroach.
The zap misses the worm.
The worm bites you!
Ouch! That really hurt!
You die...

#..#.?#
#..#...
#..##.###
#..r.....
#.###.#####
#.....r...#
#########s#
#w# #@# #.#
##†# #..#
####


You could see a worm and a giant cockroach.

Vanquished Creatures
  An adder (D:2)
  A hobgoblin (D:2)
  A kobold (D:2)
  A rat (D:2)
4 creatures vanquished.

Notes
Turn   | Place    | Note
-------+----------+-------------------------------------------
     0 | D:1      | Amnesiac the Mummy Air Elementalist began the quest for the
                  | Orb.
     0 | D:1      | Reached XP level 1. HP: 13/13 MP: 4/4
    51 | D:2      | Reached skill level 3 in Air Magic
    51 | D:2      | Reached XP level 2. HP: 10/19 MP: 0/5
    55 | D:2      | Learned a level 2 spell: Swiftness
   109 | D:2      | Slain by a worm

Vault maps used:
D:1:      minmay_arrival_open_corners
D:2:      uniq_crazy_yiuf_cottage, uniq_sigmund, uniq_jessica

Skill      XL: |  1 |
---------------+----+-----
Air Magic      | 3 |  3.0
Dodging        | |  1.5
Stealth        | |  1.5
Spellcasting   | |  2.8
Conjurations   | |  0.7

Action                   || total
-------------------------++-------
Melee: Spear             ||     1
 Cast: Shock             ||     9
  Use: Scroll            ||     1

Table legend:
 A = Non-vault XP
 B = Vault XP
 C = Vault XP percentage of total XP
 D = Non-vault monster count
 E = Vault monster count
 F = Vault count percentage of total count
                 A         B        C        D         E       F
            +---------+---------+-------+---------+---------+-------
      Total |      18 |       0 |   0.0 |       4 |       0 |   0.0
            +---------+---------+-------+---------+---------+-------
        D:2 |      18 |       0 |   0.0 |       4 |       0 |   0.0
            +---------+---------+-------+---------+---------+-------
